 Dungeon Crawl Stone Soup version 0.17-a0-1646-geb1493d (webtiles) character file.

76 mrath the Chopper (level 4, -2/39 HPs)
             Began as a Minotaur Fighter on Aug 11, 2015.
             Was an Initiate of Okawaru.
             Killed from afar by Natasha (5 damage)
             ... with a magic dart
             ... on level 2 of the Dungeon.
             The game lasted 00:08:03 (1309 turns).

mrath the Chopper (Minotaur Fighter)                Turns: 1309, Time: 00:08:03

Health: -2/39      AC:  9    Str: 29    XL:     4   Next: 12%
Magic:  3/3        EV: 11    Int:  5    God:    Okawaru [......]
Gold:   29         SH: 10    Dex: 14    Spells: 0 memorised, 3 levels left

rFire  . . .     SeeInvis +     a - +0 war axe
rCold  . . .     Clarity  .     j - +0 chain mail
rNeg   . . .     SustAt   .     c - +0 shield
rPois  .         Gourm    .     (helmet restricted)
rElec  .         Spirit   .     (no cloak)
rCorr  .         Warding  .     (no gloves)
rMut   .         Stasis   .     (no boots)
MR     .....                    (no amulet)
Stlth  ..........               p - ring of see invisible
                                i - +2 ring of strength

@: mighty, agile, not resistant to hostile enchantments, extremely unstealthy
A: retaliatory headbutt, horns 2
a: Renounce Religion


You were on level 2 of the Dungeon.
You worshipped Okawaru.
Okawaru was noncommittal.
You were not hungry.

You visited 1 branch of the dungeon, and saw 2 of its levels.

You collected 29 gold pieces.

Inventory:

Hand weapons
 a - a +0 war axe (weapon)
 g - a +0 mace
 r - a +1 whip of electrocution
Missiles
 h - 20 stones (quivered)
Armour
 b - a +0 scale mail
 c - a +0 shield (worn)
 j - a +0 chain mail (worn)
Jewellery
 i - a +2 ring of strength (left hand)
 p - a ring of see invisible (right hand)
 u - a +2 ring of dexterity {unknown}
Scrolls
 l - a scroll of fear {unknown}
 m - 4 scrolls of identify {unknown}
 n - a scroll of remove curse {unknown}
 s - a scroll of random uselessness {unknown}
Potions
 d - a potion of might
 k - a potion of heal wounds {unknown}
 o - a potion of magic {unknown}
 q - a potion of curing {unknown}
 t - a potion of mutation {unknown}
Comestibles
 e - a bread ration


   Skills:
 - Level 3.6 Fighting
 + Level 5.3 Axes
 - Level 3.6 Armour
 - Level 3.6 Shields


You had 3 spell levels left.
You didn't know any spells.

Dungeon Overview and Level Annotations

Branches:
Dungeon (2/15)

Altars:
Okawaru

Annotations:
D:2 Natasha


Innate Abilities, Weirdness & Mutations

You reflexively headbutt those who attack you in melee.
You have a pair of horns on your head.


Message History

You miss the crimson imp.
The crimson imp disappears in a puff of smoke!
You start resting.
Natasha, Servant of Life and Death comes into view.
Natasha casts a spell.
Natasha casts a spell at you. The magic dart hits you!
* * * LOW HITPOINT WARNING * * *
Natasha stares at you and mumbles some strange words.
The magic dart hits you!
* * * LOW HITPOINT WARNING * * *
Drink which item? (? for menu, Esc to quit)
It was a potion of agility.
You feel agile all of a sudden.
You feel yourself speed up. You block Natasha's attack.
You block Natasha's attack.
Natasha stares at you and mumbles some strange words.
The magic dart hits you!
You die...

#..#........#
#..#........#
#..#........#
#...........#
#...........#
##.....######
#.....#
#.....#
#....@#
#.....######
###.5h.....#
#........#
#........#
#........#..
#.....>.$...
#....)...#..
......†.....#
.


You could see Natasha and a crimson imp.

Vanquished Creatures
  Natasha (D:2)
  An adder (D:2)
  An ooze (D:1)
  3 giant geckos
  A giant cockroach (D:1)
  5 goblins
  3 hobgoblins (D:1)
  7 kobolds
  A ball python (D:2)
  6 bats (D:1)
  2 giant newts
  2 jackals (D:1)
  A rat (D:1)
34 creatures vanquished.

Notes
Turn   | Place    | Note
--------------------------------------------------------------
     0 | D:1      | mrath the Minotaur Fighter began the quest for the Orb.
     0 | D:1      | Reached XP level 1. HP: 19/19 MP: 0/0
    93 | D:1      | Found an iron altar of Okawaru.
   241 | D:1      | Became a worshipper of Warmaster Okawaru
   307 | D:1      | Reached XP level 2. HP: 26/26 MP: 1/1
   457 | D:1      | Reached skill level 4 in Axes
   610 | D:1      | Reached XP level 3. HP: 28/31 MP: 2/2
  1288 | D:2      | Noticed Natasha
  1297 | D:2      | Killed Natasha
  1297 | D:2      | Reached skill level 5 in Axes
  1297 | D:2      | Reached XP level 4. HP: 6/39 MP: 3/3
  1301 | D:2      | Noticed Natasha
  1309 | D:2      | Killed from afar by Natasha

Vault maps used:
D:1:      grunt_arrival_lava_bath, hex_large, okawaru_ov_weapons_minmay
D:2:      kennysheep_vampire_church, ashenzari_altar_1, uniq_natasha

Action                   |  1- 3 |  4- 6 || total
-------------------------+-------+-------++-------
Melee: War axe           |    68 |       ||    68
  Use: Potion            |     1 |     1 ||     2
  Eat: Chunk             |     1 |       ||     1
